AoeStats
← riskybusiness69

Arena

509116756Analyzed
1v1 RM · 8d ago on Sep 25, 2026· 38m 52s· 2 players
Game mode
Random Map
Map size
Tiny (2 player)
Population
200
Speed
Normal
Resources
Standard
Victory
Conquest
Starting age
Dark Age
Ending age
Imperial Age
RankedLock teamsTeams togetherTeam positionsShared explorationLock speedFull tech treeHidden civsTurbo modeCheats
Victory
Defeat
🇰🇿 Shu · Kazakhstan
889
+15
🇺🇸 Japanese · United States
860
-41
storm
10:44 Feudal Age
14:51 Castle Age
13:06 Double-Bit Axe
13:12 Horse Collar
15:55 Wheelbarrow
21:01 Bow Saw
22:11 Fletching
25:21 Gold Mining
25:18 Crossbowman
27:07 Bodkin Arrow
28:42 Town Watch
29:20 Hand Cart
30:27 Town Patrol
31:01 Padded Archer Armor
32:00 Ballistics
35:29 Imperial Age
33:58 Leather Archer Armor
33:44 Scale Mail Armor
33:54 Forging
34:30 Thumb Ring
34:52 Pikeman
37:14 Conscription
37:03 Arbalester
riskybusiness69
11:43 Feudal Age
13:36 Horse Collar
13:45 Double-Bit Axe
18:20 Castle Age
17:01 Padded Archer Armor
20:42 Squires
21:49 Heavy Plow
23:02 Bow Saw
23:17 Gold Mining
24:04 Leather Archer Armor
24:44 Scale Mail Armor
26:13 Wheelbarrow
25:26 Loom
25:16 Elite Skirmisher
27:27 Chain Mail Armor
28:48 Stone Mining
30:25 Hand Cart
30:04 Fletching
30:23 Thumb Ring
31:49 Forging
31:10 Pikeman
37:26 Imperial Age
35:21 Ballistics
37:13 Bodkin Arrow
38:05 Light Cavalry
Connection lost

Rejoining the realm…

Still unreachable

The connection could not be restored.

Session expired

The server has moved on; the page needs a fresh start.